 Dungeon Crawl Stone Soup version 0.30-a0-860-g512cf1e979 (webtiles) character file.

Game seed: 3336460374007644374

198 lunkers the Slasher (level 6, 0/48 HPs)
             Began as a Meteoran Warper on Mar 7, 2023.
             Was an Initiate of Ashenzari.
             Slain by a scorpion (4 damage)
             ... on level 4 of the Dungeon.
             The game lasted 00:03:35 (1699 turns).

lunkers the Slasher (Meteoran Warper)               Turns: 1699, Time: 00:03:35

Health: 0/48       AC:  6    Str: 12    XL:     6   Next: 27%
Magic:  7/11       EV: 12    Int: 14    God:    Ashenzari [......]
Gold:   201        SH:  0    Dex: 17    Spells: 1/10 levels left

rFire   + . .      SeeInvis .    a - +0 falchion
rCold   . . .      Faith    .    (no shield)
rNeg    . . .      Spirit   .    s - +1 leather armour {rF+}
rPois   .          Reflect  .    o - +0 helmet
rElec   .          Rampage  .    (no cloak)
rCorr   .                        (no gloves)
Will    .....                    l - +0 pair of boots
Stlth   +                        (no amulet)
HPRegen 0.28/turn                (no ring)
MPRegen 0.12/turn                (no ring)

@: lethally poisoned (0 -> -7), very slightly contaminated, glowing
A: sense surroundings 1, otherworldly, glowing, explore regen
a: Renounce Religion


You were on level 4 of the Dungeon.
You worshipped Ashenzari.
Ashenzari was noncommittal.
You visited 2 branches of the dungeon, and saw 5 of its levels.

You collected 201 gold pieces.

Inventory:

Hand Weapons
 a - a +0 falchion (weapon)
Missiles
 d - 7 boomerangs of dispersal
 g - a throwing net
Armour
 b - a +0 leather armour
 l - a +0 pair of boots (worn)
 o - a +0 helmet (worn)
 s - a +1 leather armour of fire resistance (worn)
Wands
 t - a wand of roots (10)
Scrolls
 c - 2 scrolls of blinking
 m - a scroll of noise {unknown}
 p - 3 scrolls of teleportation {unknown}
 r - 4 scrolls of amnesia {unknown}
Potions
 e - a potion of mutation {unknown}
 f - a potion of haste {unknown}
 h - 3 potions of curing
 k - 3 potions of berserk rage
 n - 2 potions of flight
 q - a potion of invisibility {unknown}


   Skills:
 - Level 2.1 Fighting
 * Level 6.3 Long Blades
 - Level 1.2 Throwing
 - Level 1.2 Armour
 - Level 2.4 Dodging
 - Level 2.6 Spellcasting
 + Level 4.2 Translocations
 + Level 1.8 Air Magic


You had one spell level left.
You knew the following spells:

 Your Spells              Type           Power      Damage    Failure   Level
b - Vhi's Electric Charg  Tloc/Air       20%        N/A       24%         3
c - Manifold Assault      Tloc           13%        N/A       45%         4
p - Blink                 Tloc           26%        N/A       8%          2

Your spell library contained the following spells:

 Spells                   Type           Power      Damage    Failure   Level
 Lesser Beckoning         Tloc           26%        N/A       8%          2
 Teleport Other           Tloc           13%        N/A       16%         3
 Portal Projectile        Hex/Tloc       14%        N/A       34%         3
 Tukima's Dance           Hex            1%         N/A       63%         3
 Blade Hands              Tmut           0%         N/A       100%        5


Dungeon Overview and Level Annotations

Branches:
Dungeon (4/15) Zot: 750    Temple (1/1) D:4 Zot: 535

Altars:
Ashenzari
Cheibriados
Dithmenos
Fedhas
Gozag
Hepliaklqana
Kikubaaqudgha
Okawaru
Uskayaw
Vehumet
Wu Jian
Yredelemnul
Zin
The Shining One


Innate Abilities, Weirdness & Mutations

You passively map a small area around you.
You are easily found by Zot.
You glow in the dark.
You regain HP and MP as you explore.


Message History

The scorpion is moderately wounded.
You feel sick. The scorpion stings you.
* * * LOW HITPOINT WARNING * * *
You hit the scorpion.
The scorpion is severely wounded.
You feel sick. The scorpion stings you.
* * * LOW HITPOINT WARNING * * *
You are more poisoned.
The scorpion poisons you!
You completely miss the scorpion.
The scorpion is severely wounded.
* * * LOW HITPOINT WARNING * * *
You feel very sick. The scorpion stings you.
* * * LOW HITPOINT WARNING * * *
The scorpion stings you.
* * * LOW HITPOINT WARNING * * *
Unknown command.
Cast which spell? (? or * to list)
The spell is quite dangerous to miscast (45% risk of failure)!
Continue anyway?
Okay, then.
Unknown command.
Unknown command.
Casting: Manifold Assault (quite dangerous; 45% risk of failure)
Confirm with . or Enter, or press ? or * to list all spells.
The spell is quite dangerous to miscast (45% risk of failure)!
Continue anyway?
You miscast Manifold Assault.
You are very lightly contaminated with residual magic.
Nothing appears to happen.
* * * LOW HITPOINT WARNING * * *
You feel very sick. The scorpion stings you.
* * * LOW HITPOINT WARNING * * *
Unknown command.
You hit the scorpion.
The scorpion is almost dead.
* * * LOW HITPOINT WARNING * * *
You feel very sick. The scorpion stings you.
You die...

,........$. * ........
* * ,....... #, .....
#...... , #. *,....
,#....., . #.., * #..#
..... *w #... #..# ....
* .
#.[..####.#######'####.
#....s@.......#.....##.
###)......##.##.⌠.⌠.##.
#######.## .+..>..'..
#..## #.⌠[⌠.#..
##..###.....#..
##...###'###..
####.........
#......... #.#.#+###'


You could see a scorpion.

Vanquished Creatures
  An ogre (D:4)
  Robin (D:3)
  3 adders
  A worm (D:2)
  5 dart slugs
  3 orcs (D:3)
  6 bats
  5 endoplasms
  A giant cockroach (D:4)
  7 goblins (D:3)
  8 hobgoblins
  4 jackals (D:1)
  3 kobolds
  3 quokkas
  3 ball pythons
  2 frilled lizards (D:1)
  2 rats (D:3)
58 creatures vanquished.

Notes
Turn   | Place    | Note
-------+----------+-------------------------------------------
     0 | D:1      | lunkers the Meteoran Warper began the quest for the Orb.
     0 | D:1      | Reached XP level 1. HP: 17/17 MP: 5/5
    51 | D:1      | Reached skill level 3 in Long Blades
    51 | D:1      | Reached XP level 2. HP: 10/24 MP: 6/6
   261 | D:1      | Reached XP level 3. HP: 29/29 MP: 8/8
   318 | D:1      | Reached skill level 4 in Long Blades
   632 | D:2      | Found a faded altar of an unknown god.
   642 | D:2      | Reached XP level 4. HP: 36/36 MP: 9/9
   853 | D:3      | Reached skill level 5 in Long Blades
   861 | D:3      | Noticed Robin
   887 | D:3      | Killed Robin
   889 | D:3      | HP: 1/36 [hobgoblin[Robin] (2)]
  1071 | D:3      | Reached XP level 5. HP: 35/41 MP: 10/10
  1074 | D:3      | Learned a level 2 spell: Blink
  1078 | D:3      | Learned a level 3 spell: Vhi's Electric Charge
  1083 | D:3      | Learned a level 4 spell: Manifold Assault
  1419 | D:4      | Found a radiant altar of Vehumet.
  1531 | D:4      | Noticed an ogre
  1537 | D:4      | Killed an ogre
  1538 | D:4      | Reached skill level 6 in Long Blades
  1538 | D:4      | Reached skill level 1 in Air Magic
  1538 | D:4      | Reached XP level 6. HP: 40/48 MP: 11/11
  1589 | D:4      | Found a staircase to the Ecumenical Temple.
  1595 | Temple   | Entered the Ecumenical Temple
  1643 | Temple   | Became a worshipper of Ashenzari the Shackled
  1699 | D:4      | Slain by a scorpion

Illustrated notes

Levels and vault maps discovered:
D:1:      wander_arrival_peaceful_grave, layout_basic, minivault_14
D:2:      layout_loops_ring, hellmonk_ecumenical_altar_run_dry, nrook_campfire,
          corexii_item_surrounded_by_moat
D:3:      layout_loops_ring, uniq_robin
D:4:      layout_basic, nicolae_vehumet_radiance, minmay_temple_entry_hall,
          portal_sewer_entry_f
Temple:   nicolae_temple_bog_church

Skill      XL: |  1  2  3  4  5 |
---------------+----------------+-----
Long Blades    | 3 4 5 6 |  6.3
Translocations | 4 |  4.2
Air Magic      | 1 |  1.8
Fighting       | |  2.1
Throwing       | |  1.2
Armour         | |  1.2
Dodging        | |  2.4
Spellcasting   | |  2.6

Action                     |  1- 3 |  4- 6 || total
---------------------------+-------+-------++-------
  Melee: Falchion          |    92 |   141 ||   233
         Punch             |       |     1 ||     1
    Use: Scroll            |       |     5 ||     5
 Armour: Leather armour    |    32 |    30 ||    62
  Dodge: Dodged            |    49 |    71 ||   120

Table legend: (Time is in decaauts)
 A = Elapsed time spent in this place.
 B = Non-inter-level travel time spent in this place.
 C = Inter-level travel time spent in this place.
 D = Time resting spent in this place.
 E = Time spent auto-exploring this place.
 F = Levels seen in this place.
 G = Mean time per level.
                   A        B        C        D        E       F      G
               +--------+--------+--------+--------+--------+-----+--------+
         Total |   1713 |   1597 |    116 |      0 |   1025 |   5 |  342.6 |
       Dungeon |   1648 |   1548 |    100 |      0 |   1002 |   4 |  412.0 |
        Temple |     64 |     48 |     16 |      0 |     23 |   1 |   64.0 |
               +--------+--------+--------+--------+--------+-----+--------+

Top non-repeatable levels by time:
     D:3: 635 daAuts
     D:1: 405 daAuts
     D:2: 382 daAuts
     D:4: 224 daAuts
  Temple: 64 daAuts
